 Dungeon Crawl Stone Soup version 0.27.0-1-g7a089689b8 (webtiles) character file.

Game seed: 2207713249039608002

6021 sanka the Nimble (level 11, -2/64 HPs)
             Began as a Kobold Delver on Aug 4, 2021.
             Was a Priest of Okawaru.
             Splashed by an oklob plant's acid (10 damage)
             ... on level 10 of the Dungeon.
             The game lasted 00:23:40 (15225 turns).

sanka the Nimble (Kobold Delver)                   Turns: 15225, Time: 00:23:41

Health: -2/64      AC: -4    Str:  9    XL:     11   Next: 10%
Magic:  13/14      EV: 24    Int: 16    God:    Okawaru [***...]
Gold:   640        SH:  0    Dex: 16    Spells: 10/10 levels left

rFire    . . .     SeeInvis .     - Unarmed
rCold    . . .     Faith    .   (shield restricted)
rNeg     . . .     Spirit   .   a - +0 leather armour
rPois    .         Reflect  .   (no helmet)
rElec    .         Harm     .   (no cloak)
rCorr    .         Rampage  .   (no gloves)
Will     .....                  (no boots)
Stlth    ++++++....             (no amulet)
HPRegen  0.20/turn              (no ring)
MPRegen  0.14/turn              (no ring)

@: heroic, corroded
A: small, no large weapons, nightstalker 3
a: Renounce Religion, Heroism


You were on level 10 of the Dungeon.
You worshipped Okawaru.
Okawaru was most pleased with you.
You visited 2 branches of the dungeon, and saw 11 of its levels.

You collected 640 gold pieces.


Innate Abilities, Weirdness & Mutations

You are small and have problems with some larger weapons.
You are completely attuned to the shadows.


   Skills:
 + Level 5.6(10.6) Fighting
 + Level 12.6(17.6) Dodging
 - Level 7.0(12.0) Stealth
 + Level 10.5(15.5) Unarmed Combat
 - Level 4.0 Invocations


You had 10 spell levels left.
You didn't know any spells.
Your spell library contained the following spells:

 Spells                   Type           Power      Damage    Failure   Level
 Sandblast                Erth           0%         2d4       32%         1
 Passwall                 Tmut/Erth      0%         N/A       45%         2
 Slow                     Hex            0%         N/A       45%         2
 Static Discharge         Conj/Air       0%         N/A       45%         2
 Confusing Touch          Hex            0%         N/A       69%         3
 Dazzling Flash           Conj/Hex       0%         N/A       69%         3
 Vampiric Draining        Necr           0%         2d6       69%         3
 Iskenderun's Mystic Bla  Conj/Tloc      0%         2d3       97%         4
 Lee's Rapid Deconstruct  Erth           0%         3d5*      100%        5
 Lightning Bolt           Conj/Air       0%         1d11      100%        5
 Starburst                Conj/Fire      0%         8x6d3     100%        6
 Maxwell's Capacitive Co  Air            0%         ∞         100%        8

Inventory:

Missiles
 g - 308 stones
 k - 5 curare-tipped darts {=f}
Armour
 a - a +0 leather armour (worn)
Magical Staves
 s - a staff of death
Wands
 f - a wand of digging (3)
 q - a wand of acid (6) (quivered)
 r - a wand of polymorph (15)
Scrolls
 b - 2 scrolls of fog
 c - 3 scrolls of magic mapping
 d - a scroll of fear
 i - 3 scrolls of amnesia
 j - a scroll of immolation {!r}
 m - 5 scrolls of teleportation {@r4}
 o - 2 scrolls of blinking
 t - a scroll of vulnerability {unknown}
Potions
 e - a potion of haste {@q3}
 h - a potion of mutation {unknown}
 l - a potion of heal wounds {@q2}
 n - 2 potions of lignification {!q}
 p - a potion of attraction {!q}
 u - a potion of curing {unknown}

Dungeon Overview and Level Annotations

Branches:
Dungeon (10/15)            Temple (1/1) D:4            Lair (0/6) D:10
    Orc: D:9-12

Altars:
Ashenzari
Cheibriados
Elyvilon
Fedhas
Gozag
Hepliaklqana
Kikubaaqudgha
Nemelex Xobeh
Okawaru
Qazlal
Ru
Trog
Uskayaw
Vehumet
Wu Jian
Xom
Yredelemnul
Zin
The Shining One

Annotations:
D:2 1 runed translucent door, Crazy Yiuf, Robin
D:3 Ijyb
D:4 exclusions: orc, orc warrior and phantom
D:10 exclusion: oklob plant

▒.▒ ▒.▒ ... ... ▒.▒
▒...▒▒P.. ▒▒.▒▒▒
▒.▒..PPPP ▒.<..▒▒▒▒▒▒
▒.▒≈.PP>P
▒▒.........▒▒▒.▒..PPPP
......▒▒▒▒......K▒▒..P
▒▒....▒ ▒▒▒▒▒....▒ ..
▒▒.▒▒▒ ▒..▒...≈. ▒.▒
▒...▒▒▒▒ ▒.. ▒▒▒▒▒


You could see an oklob plant.


Message History

You hit the oklob plant but do no damage.
The oklob plant is lightly damaged.
The oklob plant spits acid at you. The splash of acid hits you.
The acid corrodes you!
You are splashed with acid!
You hit the oklob plant but do no damage.
You punch the oklob plant.
The oklob plant is lightly damaged.
You hit the oklob plant but do no damage.
The oklob plant is lightly damaged.
You completely miss the oklob plant.
The oklob plant is lightly damaged.
You hit the oklob plant but do no damage.
The oklob plant is lightly damaged.
The oklob plant spits acid at you. The splash of acid hits you!!
* * * LOW HITPOINT WARNING * * *
You are splashed with acid!
* * * LOW HITPOINT WARNING * * *
You hit the oklob plant but do no damage.
The oklob plant is lightly damaged.
You punch the oklob plant!
The oklob plant is moderately damaged.
The oklob plant spits acid at you. The splash of acid hits you!
* * * LOW HITPOINT WARNING * * *
The acid corrodes you!
You are splashed with acid!
You die...

Action                   |  1- 3 |  4- 6 |  7- 9 | 10-12 || total
-------------------------+-------+-------+-------+-------++-------
Melee: Unarmed           |    19 |   366 |   331 |   195 ||   911
       Punch             |       |     7 |    13 |    12 ||    32
Throw: Stone             |       |     6 |     1 |     2 ||     9
Invok: Heroism           |       |       |    12 |    11 ||    23
Evoke: Wand              |     6 |     4 |     7 |     1 ||    18
  Use: Potion            |       |       |     5 |       ||     5
       Scroll            |       |       |       |     5 ||     5
 Stab: Sleeping          |       |    29 |    10 |     4 ||    43
       Distracted        |       |     3 |     4 |       ||     7
Armor: Leather armour    |     2 |    54 |    30 |    14 ||   100
       Skin              |       |       |     4 |       ||     4
Dodge: Dodged            |    11 |   242 |   158 |   137 ||   548

Levels and vault maps discovered:
D:1:      heliophobic_arrival_glass_houses, layout_rooms,
          shapermc_ecumenical_altar_totnotflames, st_stairs_13
D:2:      kb_forest_paths, layout_basic, uniq_crazy_yiuf_cottage, uniq_robin
D:3:      layout_loops_ring, uniq_ijyb
D:4:      layout_gridville, minmay_overflow_temple_star_quad,
          minmay_temple_entry_offerings, uniq_grinder
D:5:      layout_cave_pools
D:6:      layout_loops_ring, lemuel_round_altar, serial_bayou,
          serial_bayou_pond_b, serial_bayou_lagoon_a, serial_bayou_shore_b,
          serial_bayou_lagoon_b, hangedman_decor_slide_cut,
          kennysheep_another_room, minmay_crossroads, uniq_menkaure
D:7:      layout_rooms
D:8:      layout_loops_corners, mainiacjoe_overflow_surrounded_room,
          lemuel_tele_altar, eino_tiny_chamber, dk_noncrumbling_4
D:9:      layout_loops_cross, enter_bailey_5
D:10:     layout_roguey [special_room_kobold], dpeg_oklobed_lair
Temple:   eino_temple_scatter_basement

Notes
Turn   | Place    | Note
-------+----------+-------------------------------------------
     0 | D:5      | sanka the Kobold Delver began the quest for the Orb.
     0 | D:5      | Reached XP level 1. HP: 14/14 MP: 1/1
   102 | D:5      | Reached XP level 2. HP: 20/20 MP: 2/2
   164 | D:5      | Reached skill level 4 in Fighting
   164 | D:5      | Reached skill level 7 in Stealth
   164 | D:5      | Reached XP level 3. HP: 6/24 MP: 3/3
   438 | D:5      | Reached skill level 3 in Unarmed Combat
   438 | D:5      | Reached XP level 4. HP: 29/29 MP: 4/4
   466 | D:5      | Noticed a phantom
   556 | D:5      | Noticed a necrophage
   636 | D:4      | Noticed a phantom
   660 | D:4      | Found a staircase to the Ecumenical Temple.
   776 | Temple   | Entered the Ecumenical Temple
  1022 | Temple   | Became a worshipper of Warmaster Okawaru
  1632 | D:2      | Reached skill level 4 in Unarmed Combat
  1632 | D:2      | Reached XP level 5. HP: 14/33 MP: 5/5
  2773 | D:1      | Found a faded altar of an unknown god.
  3081 | D:1      | Reached skill level 5 in Unarmed Combat
  3512 | D:1      | Reached XP level 6. HP: 36/38 MP: 6/6
  4067 | D:2      | Found a runed translucent door.
  4070 | D:2      | Noticed Crazy Yiuf
  4070 | D:2      | Noticed Robin
  5190 | D:3      | Noticed Ijyb
  5286 | D:3      | Reached skill level 6 in Unarmed Combat
  6502 | D:4      | Reached XP level 7. HP: 42/43 MP: 7/7
  6882 | D:4      | Reached skill level 7 in Unarmed Combat
  7222 | D:4      | Noticed Grinder
  7245 | D:4      | Killed Grinder
  7246 | D:4      | Reached skill level 8 in Unarmed Combat
  7494 | D:4      | Reached XP level 8. HP: 48/48 MP: 8/8
  8448 | D:5      | Reached * piety under Okawaru
  8449 | D:5      | Reached skill level 9 in Unarmed Combat
  8453 | D:5      | HP: 7/72 [poisoned by a water moccasin]
  8455 | D:5      | HP: 3/48 [poisoned by a water moccasin]
  8664 | D:6      | Reached skill level 1 in Invocations
  8898 | D:6      | Reached skill level 2 in Invocations
  9101 | D:6      | Noticed Menkaure
  9121 | D:6      | Killed Menkaure
  9122 | D:6      | Reached skill level 3 in Invocations
  9122 | D:6      | Reached XP level 9. HP: 52/52 MP: 11/11
  9146 | D:6      | Reached skill level 4 in Invocations
  9189 | D:6      | Reached skill level 10 in Unarmed Combat
  9189 | D:6      | Reached skill level 3 in Dodging
  9541 | D:6      | Reached skill level 4 in Dodging
  9698 | D:6      | Found a glowing golden altar of the Shining One.
  9875 | D:6      | Reached skill level 5 in Dodging
 10021 | D:6      | Reached ** piety under Okawaru
 10264 | D:6      | Reached skill level 6 in Dodging
 10520 | D:6      | Reached skill level 7 in Dodging
 11319 | D:7      | Reached skill level 8 in Dodging
 11523 | D:7      | Reached skill level 9 in Dodging
 11523 | D:7      | Reached XP level 10. HP: 33/56 MP: 10/13
 12368 | D:8      | Reached skill level 10 in Dodging
 12442 | D:8      | Reached skill level 11 in Dodging
 12977 | D:8      | Found an ornate altar of the Wu Jian Council.
 13009 | D:8      | Reached skill level 12 in Dodging
 13014 | D:8      | Reached *** piety under Okawaru
 13386 | D:8      | Found a shimmering altar of Xom.
 13882 | D:9      | Noticed a two-headed ogre
 13892 | D:9      | Killed a two-headed ogre
 13893 | D:9      | Reached skill level 5 in Fighting
 13954 | D:9      | Reached XP level 11. HP: 24/63 MP: 14/14
 15131 | D:10     | Entered Level 10 of the Dungeon
 15211 | D:10     | Noticed an oklob plant
 15215 | D:10     | Found a staircase to the Lair.
 15225 | D:10     | Splashed by an oklob plant's acid

Vanquished Creatures
  A two-headed ogre (D:9)
  Grinder (D:4)
  A wraith (D:9)
  8 yaks (D:8)
  A steam dragon (D:7)
  Menkaure (D:6)
  3 water moccasins
  An ice beast (D:6)
  2 orc warriors (D:6)
  2 sky beasts (D:8)
  A necrophage (D:5)
  A centaur (D:9)
  4 ogres
  A phantom (D:5)
  4 bullfrogs
  A wyvern zombie (D:8)
  5 scorpions
  A wyvern skeleton (D:7)
  3 electric eels (D:6)
  3 howler monkeys (D:8)
  A bullfrog zombie (D:7)
  3 centaur zombies
  5 hounds
  A jelly (D:8)
  7 orc priests
  A centaur skeleton (D:5)
  2 iguanas
  8 orc wizards
  4 gnolls
  A howler monkey skeleton (D:5)
  15 adders
  A white imp (D:6)
  An ufetubus (D:4)
  An adder skeleton (D:4)
  2 worms
  2 dart slugs
  21 orcs
  8 bats
  8 endoplasms
  A giant cockroach (D:1)
  9 goblins
  6 hobgoblins
  15 jackals
  4 quokkas
  12 ball pythons
  4 frilled lizards (D:1)
  5 kobolds
  4 rats
197 creatures vanquished.

Vanquished Creatures (others)
  79 plants (D:6)
79 creatures vanquished.

Grand Total: 276 creatures vanquished
